 Dungeon Crawl Stone Soup version 0.17.1-3-g152610e (webtiles) character file.

1168 Metrazal the Covert (level 8, -4/37 HPs)
             Began as a Spriggan Assassin on Mar 6, 2016.
             Slain by kirsanium's ghost (5 damage)
             ... on level 5 of the Dungeon.
             The game lasted 00:39:22 (5688 turns).

Metrazal the Covert (Spriggan Assassin)             Turns: 5688, Time: 00:39:22

Health: -4/37      AC:  3    Str:  7    XL:     8   Next: 17%
Magic:  9/9        EV: 24    Int: 12    God:
Gold:   368        SH:  0    Dex: 20    Spells: 0 memorised, 7 levels left

rFire  . . .     SeeInvis +     a - +2 dagger (venom)
rCold  . . .     Clarity  .     c - +0 robe
rNeg   . . .     SustAt   .     (shield restricted)
rPois  +         Gourm    .     (helmet restricted)
rElec  .         Spirit   .     C - +0 cloak
rCorr  .         Warding  .     (gloves unavailable)
rMut   .         Stasis   .     (boots unavailable)
MR     +....                    (no amulet)
Stlth  ++++++....               B - ring of stealth
                                z - ring of poison resistance

@: very quick, somewhat resistant to hostile enchantments, very stealthy
A: unfitting armour, see invisible, herbivore 3, speed 3, slow metabolism 2
a: no special abilities


You were on level 5 of the Dungeon.
You were not hungry.

You visited 1 branch of the dungeon, and saw 5 of its levels.

You collected 368 gold pieces.

Inventory:

Hand Weapons
 a - a +2 dagger of venom (weapon)
 b - a +0 blowgun
 d - a +0 shortbow
Missiles
 e - 34 poisoned needles
 f - 2 curare-tipped needles
 k - 104 arrows
 o - 146 stones (quivered)
 y - 53 sling bullets
Armour
 c - a +0 robe (worn)
 C - a +0 cloak (worn)
Jewellery
 z - a ring of poison resistance (left hand)
 B - a ring of stealth (right hand)
Wands
 l - a wand of polymorph (12)
 u - a wand of digging (16)
 v - a wand of magic darts (10)
 G - a wand of paralysis (12)
Scrolls
 i - a scroll of amnesia {unknown}
 j - 2 scrolls of teleportation {unknown}
 m - 2 scrolls of magic mapping {unknown}
 q - 3 scrolls of identify
 w - 2 scrolls of blinking {unknown}
 E - 2 scrolls of fog {unknown}
 F - a scroll of random uselessness {unknown}
 H - a scroll of enchant armour {unknown}
Potions
 h - a potion of brilliance {unknown}
 n - a potion of cancellation {unknown}
 p - a potion of lignification
 s - 2 potions of curing {unknown}
 A - a potion of mutation {unknown}
 D - a potion of haste {unknown}
Comestibles
 g - 3 bread rations
 x - 5 fruits


   Skills:
 - Level 1.5 Fighting
 + Level 5.8 Short Blades
 + Level 4.6 Bows
 - Level 2.0 Throwing
 + Level 7.4 Dodging
 + Level 9.8 Stealth


You had 7 spell levels left.
You didn't know any spells.

Dungeon Overview and Level Annotations

Branches:
Dungeon (5/15)
 Temple: D:4-7

Altars:
Ru
Vehumet

Annotations:
D:5 kirsanium's ghost, novice OgHu


Innate Abilities, Weirdness & Mutations

You are tiny and cannot use many weapons and most armour.
You have supernaturally acute eyesight.
You are a herbivore.
You cover ground extremely quickly.
You need consume almost no food.


Message History

Kirsanium's ghost is moderately damaged.
Kirsanium's ghost hits you but does no damage.
You hit kirsanium's ghost.
Kirsanium's ghost is moderately damaged.
Kirsanium's ghost completely misses you.
You hit kirsanium's ghost.
Kirsanium's ghost is moderately damaged.
You closely miss kirsanium's ghost.
Kirsanium's ghost is moderately damaged.
Kirsanium's ghost misses you.
You barely miss kirsanium's ghost.
Kirsanium's ghost is moderately damaged.
Kirsanium's ghost hits you!
* * * LOW HITPOINT WARNING * * *
Kirsanium's ghost burns you.
* * * LOW HITPOINT WARNING * * *
You closely miss kirsanium's ghost.
Kirsanium's ghost is moderately damaged.
Kirsanium's ghost hits you.
You die...

#....###..# #........#.
#...### #....#
##.###........#.##....##
#....#
#.#...########.....#...
#....# #<#.### ##...###....
#....# #...# #..#..##.###
###### #..## #.###....###
#####..##### ##...........
##..#.......# #.........###
#.....#####@####..........##
##..### #.W.##......?..)##
#### ##...............)
#....#....((....(.
#...<#.......<..##
##..###........###
###...........# #
..#..........##
###..........##


You could see kirsanium's ghost.

Vanquished Creatures
  Prince Ribbit (D:5)
  Eustachio (D:5)
  2 ice beasts
  A centaur (D:3)
  A phantom (D:4)
  A hound (D:4)
  A giant frog zombie (D:3)
  2 orc priests
  3 orc wizards (D:4)
  Natasha (twice) (D:3)
  3 worker ants (D:4)
  A hound skeleton (D:4)
  6 adders
  3 oozes
  3 giant geckos
  12 orcs
  2 giant cockroaches
  11 hobgoblins
  15 jackals
  A quokka (D:2)
  2 ball pythons
  4 bats
  5 giant newts
  4 goblins
  7 kobolds
  6 rats
100 creatures vanquished.

Notes
Turn   | Place    | Note
--------------------------------------------------------------
     0 | D:1      | Metrazal the Spriggan Assassin began the quest for the Orb.
     0 | D:1      | Reached XP level 1. HP: 10/10 MP: 2/2
   193 | D:1      | Reached skill level 6 in Stealth
   203 | D:1      | Reached XP level 2. HP: 2/14 MP: 3/3
  1427 | D:2      | Reached XP level 3. HP: 12/18 MP: 4/4
  2094 | D:2      | Reached XP level 4. HP: 7/22 MP: 5/5
  2443 | D:2      | Reached skill level 7 in Stealth
  2915 | D:3      | Noticed a centaur
  2923 | D:3      | Killed a centaur
  2923 | D:3      | Reached XP level 5. HP: 20/25 MP: 6/6
  3389 | D:3      | Noticed Natasha
  3393 | D:3      | Killed Natasha
  3393 | D:3      | Reached skill level 1 in Bows
  3393 | D:3      | Reached skill level 5 in Dodging
  3447 | D:3      | Found a sacrificial altar of Ru.
  3657 | D:3      | Noticed Natasha
  3663 | D:3      | Killed Natasha
  3663 | D:3      | Reached XP level 6. HP: 30/30 MP: 7/7
  3767 | D:4      | Reached skill level 8 in Stealth
  4613 | D:4      | Reached XP level 7. HP: 26/33 MP: 8/8
  4887 | D:4      | Reached skill level 5 in Short Blades
  4887 | D:4      | Reached skill level 9 in Stealth
  5155 | D:5      | Entered Level 5 of the Dungeon
  5175 | D:5      | Noticed Prince Ribbit
  5182 | D:5      | Killed Prince Ribbit
  5207 | D:5      | Found a radiant altar of Vehumet.
  5209 | D:5      | Noticed Eustachio
  5225 | D:5      | Killed Eustachio
  5225 | D:5      | Reached XP level 8. HP: 31/37 MP: 9/9
  5443 | D:5      | Noticed kirsanium's ghost (novice OgHu)
  5673 | D:5      | HP: 2/55 [kirsanium's ghost (2)]
  5687 | D:5      | HP: 1/37 [kirsanium's ghost (4)]
  5688 | D:5      | Slain by kirsanium's ghost

Action                   |  1- 3 |  4- 6 |  7- 9 || total
-------------------------+-------+-------+-------++-------
Melee: Dagger            |    90 |   118 |   103 ||   311
 Fire: Shortbow          |       |    30 |    16 ||    46
       Blowgun           |       |    14 |       ||    14
Throw: Stone             |     2 |     6 |       ||     8
       Tomahawk          |       |       |     7 ||     7
  Use: Scroll            |     1 |     1 |     2 ||     4
       Potion            |       |       |     3 ||     3
 Stab: Sleeping          |     8 |    10 |     5 ||    23
       Distracted        |     1 |     5 |       ||     6
  Eat: Fruit             |       |     1 |     1 ||     2
